TOP OF THE 1ST |
Los Angeles Dodgers batting - Pitching for Washington Nationals : RHP Brandon Woodruff
|
Pitching: RHP Brandon Woodruff
|
|
Batting: RHB Mookie Betts
|
0-0: Ball 1-0: Ground out 2-3 (Groundball, 15S)
|
Batting: RHB Jose Peraza
|
0-0: SINGLE (Flyball, 8LS)
|
Batting: RHB Josh Donaldson
|
0-0: Ball 1-0: Ball Wild Pitch! Jose Peraza to second 2-0: Foul Ball, location: 2F 2-1: Foul Ball, location: 2F 2-2: Foul Ball, location: 2F 2-2: Ball 3-2: SINGLE (Flyball, 78S) Jose Peraza to third Runner from 3rd tries for Home, SAFE, no throw by LF
|
Batting: RHB Randal Grichuk
|
0-0: Called Strike 0-1: SINGLE (Groundball, 4D) Josh Donaldson to second
|
Batting: RHB Jonathan Schoop
|
0-0: Hit by Pitch Josh Donaldson to third Randal Grichuk to second
|
Batting: LHB Brian Goodwin
|
0-0: DOUBLE (Line Drive, 78M) Josh Donaldson scores Randal Grichuk scores Jonathan Schoop to third Runner from 3rd tries for Home, SAFE, no throw by CF
|
Batting: RHB Evan Gattis
|
0-0: Called Strike 0-1: Ball 1-1: Ball 2-1: Called Strike 2-2: SINGLE (Groundball, 6MD) Brian Goodwin to third Runner from 3rd tries for Home, SAFE, throw by CF to home
|
Batting: RHB David Freese
|
0-0: Reached on error, E5 (Groundball, 56S) Evan Gattis to second
|
Batting: RHB Mike Foltynewicz
|
0-0: Sac Bunt to 3S - play at first, batter OUT! 3-4 Evan Gattis to third David Freese to second
|
Batting: RHB Mookie Betts
|
0-0: TRIPLE (Flyball, 9LD) Evan Gattis scores David Freese scores
|
Batting: RHB Jose Peraza
|
0-0: SINGLE (Line Drive, 8LS) Mookie Betts scores
|
Batting: RHB Josh Donaldson
|
0-0: Ball 1-0: Called Strike Jose Peraza is caught stealing 2nd base 2-4
|
Top of the 1st over - 8 runs, 7 hits, 1 error, 0 left on base; Los Angeles 8 - Washington 0 |
BOTTOM OF THE 1ST |
Washington Nationals batting - Pitching for Los Angeles Dodgers : RHP Mike Foltynewicz
|
Pitching: RHP Mike Foltynewicz
|
|
Batting: LHB Joe Panik
|
0-0: Ball 1-0: Called Strike 1-1: Ball 2-1: Foul Ball, location: 2F 2-2: SINGLE (Groundball, 34D)
|
Batting: LHB Andrew Benintendi
|
0-0: Ball 1-0: Called Strike 1-1: Ball 2-1: Called Strike 2-2: Foul Ball, location: 2F 2-2: SINGLE (Line Drive, 78S) Joe Panik to second
|
Batting: RHB Marcell Ozuna
|
0-0: Foul Ball, location: 2F 0-1: DOUBLE (Flyball, 89D) Joe Panik scores Andrew Benintendi to third
|
Batting: RHB Yulieski Gurriel
|
0-0: Called Strike 0-1: Ball 1-1: Ball 2-1: Swinging Strike 2-2: Foul Ball, location: 2F 2-2: Foul Ball, location: 2F 2-2: Foul Ball, location: 2F 2-2: Strikes out swinging
|
Batting: LHB Yonder Alonso
|
0-0: Ball 1-0: Ball 2-0: Ball 3-0: Called Strike 3-1: Ground out 4-3 (Groundball, 4D) Andrew Benintendi scores Marcell Ozuna to third
|
Batting: RHB Chris Taylor
|
0-0: Ball 1-0: Swinging Strike 1-1: Foul Ball, location: 2F 1-2: Foul Ball, location: 2F 1-2: Strikes out swinging
|
Bottom of the 1st over - 2 runs, 3 hits, 0 errors, 1 left on base; Los Angeles 8 - Washington 2 |
TOP OF THE 2ND |
Los Angeles Dodgers batting - Pitching for Washington Nationals : RHP Brandon Woodruff
|
Batting: RHB Josh Donaldson
|
0-0: Ball 1-0: Ball 2-0: Fly out, F3 (Popup, 23F)
|
Batting: RHB Randal Grichuk
|
0-0: Fly out, F9 (Line Drive, 9)
|
Batting: RHB Jonathan Schoop
|
0-0: Ball 1-0: Foul Ball, location: 2F 1-1: Called Strike 1-2: Ground out 5-3 (Groundball, 56)
|
Top of the 2nd over - 0 runs, 0 hits, 0 errors, 0 left on base; Los Angeles 8 - Washington 2 |
BOTTOM OF THE 2ND |
Washington Nationals batting - Pitching for Los Angeles Dodgers : RHP Mike Foltynewicz
|
Batting: RHB Tyler Flowers
|
0-0: Called Strike 0-1: Called Strike 0-2: Ball 1-2: Foul Ball, location: 2F 1-2: Hit by Pitch
|
Batting: LHB Brandon Woodruff
|
0-0: Sac Bunt to 15 - play at first, batter OUT! 1-4 Tyler Flowers to second
|
Batting: SHB Aaron Hicks
|
0-0: Foul Ball, location: 2F 0-1: Ball 1-1: Ball 2-1: Ball 3-1: Called Strike 3-2: DOUBLE (Line Drive, 9LS) Tyler Flowers scores
|
Batting: LHB Joe Panik
|
0-0: Foul Ball, location: 2F 0-1: Ball 1-1: Foul Ball, location: 2F 1-2: Foul Ball, location: 2F 1-2: Ball 2-2: Ball 3-2: Ground out 6-3 (Groundball, 6)
|
Batting: LHB Andrew Benintendi
|
0-0: Foul Ball, location: 2F 0-1: Fly out, F7 (Line Drive, 7D)
|
Bottom of the 2nd over - 1 run, 1 hit, 0 errors, 1 left on base; Los Angeles 8 - Washington 3 |
TOP OF THE 3RD |
Los Angeles Dodgers batting - Pitching for Washington Nationals : RHP Brandon Woodruff
|
Batting: LHB Brian Goodwin
|
0-0: Ball 1-0: Called Strike 1-1: Ball 2-1: Ground out U3 (Groundball, 3S)
|
Batting: RHB Evan Gattis
|
0-0: Foul Ball, location: 2F 0-1: Foul Ball, location: 2F 0-2: Hit by Pitch
|
Batting: RHB David Freese
|
0-0: Swinging Strike 0-1: Ball 1-1: Ball 2-1: Ball 3-1: DOUBLE (Groundball, 5L) Evan Gattis to third Runner from 3rd tries for Home, SAFE, no throw by LF
|
Batting: RHB Mike Foltynewicz
|
0-0: Ground out 4-3 (Groundball, 4) David Freese to third
|
Batting: RHB Mookie Betts
|
0-0: Ball 1-0: Called Strike 1-1: Fly out, F7 (Line Drive, 78M)
|
Top of the 3rd over - 1 run, 1 hit, 0 errors, 1 left on base; Los Angeles 9 - Washington 3 |
BOTTOM OF THE 3RD |
Washington Nationals batting - Pitching for Los Angeles Dodgers : RHP Mike Foltynewicz
|
Batting: RHB Marcell Ozuna
|
0-0: Called Strike 0-1: Ball 1-1: Fly out, F9 (Flyball, 89M)
|
Batting: RHB Yulieski Gurriel
|
0-0: Ball 1-0: Fly out, F9 (Flyball, 89D)
|
Batting: LHB Yonder Alonso
|
0-0: Called Strike 0-1: Ball 1-1: SINGLE (Line Drive, 89S)
|
Batting: RHB Chris Taylor
|
0-0: Foul Ball, location: 2F 0-1: SINGLE (Groundball, 34D) Yonder Alonso to second Runner from 2nd tries for 3rd, SAFE, throw by RF made to third
|
Batting: RHB Tyler Flowers
|
0-0: Fly out, F9 (Flyball, 9)
|
Bottom of the 3rd over - 0 runs, 2 hits, 0 errors, 2 left on base; Los Angeles 9 - Washington 3 |
TOP OF THE 4TH |
Los Angeles Dodgers batting - Pitching for Washington Nationals : RHP Brandon Woodruff
|
Batting: RHB Jose Peraza
|
0-0: Ground out 4-3 (Groundball, 4)
|
Batting: RHB Josh Donaldson
|
0-0: Foul Ball, location: 2F 0-1: Fly out, F8 (Flyball, 8LM)
|
Batting: RHB Randal Grichuk
|
0-0: Called Strike 0-1: Called Strike 0-2: Ball 1-2: Ball 2-2: Strikes out swinging
|
Top of the 4th over - 0 runs, 0 hits, 0 errors, 0 left on base; Los Angeles 9 - Washington 3 |
BOTTOM OF THE 4TH |
Washington Nationals batting - Pitching for Los Angeles Dodgers : RHP Mike Foltynewicz
|
Pinch Hitting: SHB Alen Hanson
|
0-0: Swinging Strike 0-1: Called Strike 0-2: Ball 1-2: Strikes out swinging
|
Batting: SHB Aaron Hicks
|
0-0: Ball 1-0: Ball 2-0: Fly out, F9 (Flyball, 9)
|
Batting: LHB Joe Panik
|
0-0: Swinging Strike 0-1: Ground out 6-3 (Groundball, 6)
|
Bottom of the 4th over - 0 runs, 0 hits, 0 errors, 0 left on base; Los Angeles 9 - Washington 3 |
TOP OF THE 5TH |
Los Angeles Dodgers batting - Pitching for Washington Nationals : RHP Brandon Woodruff
|
Pitching: LHP Adam Morgan
|
|
Batting: RHB Jonathan Schoop
|
0-0: Called Strike 0-1: Foul Ball, location: 2F 0-2: Strikes out looking
|
Batting: LHB Brian Goodwin
|
0-0: Ball 1-0: Foul Ball, location: 2F 1-1: Ball 2-1: Swinging Strike 2-2: SINGLE (Groundball, 56S) (infield hit)
|
Batting: RHB Evan Gattis
|
0-0: Ball 1-0: SINGLE (Line Drive, 34D) Brian Goodwin to second Runner from 2nd tries for 3rd, SAFE, throw by RF made to third
|
Batting: RHB David Freese
|
0-0: Ball 1-0: Grounds into double play, 6-4-3 (Groundball, 6)
|
Top of the 5th over - 0 runs, 2 hits, 0 errors, 1 left on base; Los Angeles 9 - Washington 3 |
BOTTOM OF THE 5TH |
Washington Nationals batting - Pitching for Los Angeles Dodgers : RHP Mike Foltynewicz
|
Batting: LHB Andrew Benintendi
|
0-0: Called Strike 0-1: Ball 1-1: Ball 2-1: SINGLE (Line Drive, 78S)
|
Batting: RHB Marcell Ozuna
|
0-0: Grounds into double play, 5-4-3 (Groundball, 56)
|
Batting: RHB Yulieski Gurriel
|
0-0: Ball 1-0: Called Strike 1-1: Ball 2-1: Ball 3-1: Ground out 6-3 (Groundball, 6S)
|
Bottom of the 5th over - 0 runs, 1 hit, 0 errors, 0 left on base; Los Angeles 9 - Washington 3 |
TOP OF THE 6TH |
Los Angeles Dodgers batting - Pitching for Washington Nationals : LHP Adam Morgan
|
Batting: RHB Mike Foltynewicz
|
0-0: Fly out, F8 (Flyball, 8LD)
|
Batting: RHB Mookie Betts
|
0-0: Ball 1-0: Ball 2-0: Foul Ball, location: 2F 2-1: Called Strike 2-2: Foul Ball, location: 2F 2-2: DOUBLE (Flyball, 8LXD)
|
Batting: RHB Jose Peraza
|
0-0: Ball Mookie Betts steals 3rd base 1-0: Called Strike 1-1: Fly out, F9 (Line Drive, 9) Runner from 3rd tags up, SCORES, throw by RF
|
Batting: RHB Josh Donaldson
|
0-0: Ball 1-0: Ball 2-0: Foul Ball, location: 2F 2-1: Foul Ball, location: 2F 2-2: Fly out, F6 (Popup, 56)
|
Top of the 6th over - 1 run, 1 hit, 0 errors, 0 left on base; Los Angeles 10 - Washington 3 |
BOTTOM OF THE 6TH |
Washington Nationals batting - Pitching for Los Angeles Dodgers : RHP Mike Foltynewicz
|
Batting: LHB Yonder Alonso
|
0-0: Ball 1-0: Ball 2-0: Ball 3-0: Called Strike 3-1: Fly out, F5 (Popup, 5L)
|
Batting: RHB Chris Taylor
|
0-0: Ball 1-0: Ball 2-0: Foul Ball, location: 2F 2-1: Ball 3-1: Foul Ball, location: 2F 3-2: Base on Balls
|
Pitching: LHP Sam Freeman
|
|
Batting: RHB Tyler Flowers
|
0-0: Foul Ball, location: 2F 0-1: Hit by Pitch Chris Taylor to second
|
Batting: LHB Adam Morgan
|
0-0: Ball 1-0: Sac Bunt to P - play at first, batter OUT! 1-4 Chris Taylor to third Tyler Flowers to second
|
Pinch Hitting: RHB Sean Rodriguez
|
0-0: Ball 1-0: Foul Ball, location: 2F 1-1: Ball 2-1: SINGLE (Groundball, 56D) Chris Taylor scores Tyler Flowers to third
|
Batting: LHB Joe Panik
|
0-0: Ball 1-0: Ball 2-0: Called Strike 2-1: Ball 3-1: Foul Ball, location: 2F 3-2: SINGLE (Line Drive, 5D) Tyler Flowers scores Sean Rodriguez to second Sean Rodriguez to third
|
Batting: LHB Andrew Benintendi
|
0-0: Ball 1-0: Ball 2-0: Fly out, F3 (Popup, 34S)
|
Bottom of the 6th over - 2 runs, 2 hits, 0 errors, 2 left on base; Los Angeles 10 - Washington 5 |
TOP OF THE 7TH |
Los Angeles Dodgers batting - Pitching for Washington Nationals : LHP Adam Morgan
|
Now in LF: Sean Rodriguez
|
|
Batting: RHB Randal Grichuk
|
0-0: Called Strike 0-1: Called Strike 0-2: Strikes out looking
|
Batting: RHB Jonathan Schoop
|
0-0: SINGLE (Groundball, 6D)
|
Pitching: RHP Zack Burdi
|
|
Batting: LHB Brian Goodwin
|
0-0: Called Strike 0-1: Foul Ball, location: 2F 0-2: Ball 1-2: Ball Wild Pitch! Jonathan Schoop to second 2-2: Foul Ball, location: 2F 2-2: Strikes out looking
|
Batting: RHB Evan Gattis
|
0-0: Ball 1-0: Ball 2-0: Called Strike 2-1: Swinging Strike 2-2: Strikes out swinging
|
Top of the 7th over - 0 runs, 1 hit, 0 errors, 1 left on base; Los Angeles 10 - Washington 5 |
BOTTOM OF THE 7TH |
Washington Nationals batting - Pitching for Los Angeles Dodgers : LHP Sam Freeman
|
Batting: RHB Marcell Ozuna
|
0-0: Ball 1-0: Ball 2-0: Ball 3-0: Base on Balls
|
Pitching: RHP Phil Maton
|
|
Batting: RHB Yulieski Gurriel
|
0-0: Called Strike 0-1: Fly out, F9 (Flyball, 9LM)
|
Batting: LHB Yonder Alonso
|
0-0: 2-RUN HOME RUN (Flyball, 7D), Distance : 362 ft
|
Batting: RHB Chris Taylor
|
0-0: Ball 1-0: Ball 2-0: SINGLE (Groundball, 34) (infield hit)
|
Batting: RHB Tyler Flowers
|
0-0: Fly out, F6 (Popup, 6D)
|
Pinch Hitting: RHB Steve Pearce
|
0-0: Called Strike 0-1: Swinging Strike 0-2: Ball 1-2: Ball 2-2: Strikes out swinging
|
Bottom of the 7th over - 2 runs, 2 hits, 0 errors, 1 left on base; Los Angeles 10 - Washington 7 |
TOP OF THE 8TH |
Los Angeles Dodgers batting - Pitching for Washington Nationals : RHP Zack Burdi
|
Pitching: RHP Jeremy Jeffress
|
|
Batting: RHB David Freese
|
0-0: Foul Ball, location: 2F 0-1: Foul Ball, location: 2F 0-2: Strikes out swinging
|
Pinch Hitting: LHB Brett Gardner
|
0-0: Called Strike 0-1: Called Strike 0-2: SINGLE (Line Drive, 5D)
|
Batting: RHB Mookie Betts
|
0-0: Ball 1-0: Called Strike 1-1: Ball 2-1: Ball Brett Gardner is caught stealing 2nd base 2-4 3-1: Foul Ball, location: 2F 3-2: SINGLE (Flyball, 78M)
|
Batting: RHB Jose Peraza
|
0-0: Called Strike Mookie Betts steals 2nd base 0-1: Ground out 5-3 (Groundball, 56)
|
Top of the 8th over - 0 runs, 2 hits, 0 errors, 1 left on base; Los Angeles 10 - Washington 7 |
BOTTOM OF THE 8TH |
Washington Nationals batting - Pitching for Los Angeles Dodgers : RHP Phil Maton
|
Pitching: RHP Keynan Middleton
|
|
Batting: RHB Sean Rodriguez
|
0-0: Ball 1-0: Ball 2-0: Foul Ball, location: 2F 2-1: Ball 3-1: Foul Ball, location: 2F 3-2: Strikes out looking
|
Batting: LHB Joe Panik
|
0-0: Ball 1-0: Foul Ball, location: 2F 1-1: SINGLE (Line Drive, 4MD)
|
Batting: LHB Andrew Benintendi
|
0-0: Ball 1-0: Called Strike 1-1: Called Strike 1-2: Foul Ball, location: 2F 1-2: Ball 2-2: Fly out, F6 (Popup, 6D)
|
Batting: RHB Marcell Ozuna
|
0-0: Swinging Strike 0-1: Swinging Strike 0-2: Foul Ball, location: 2F 0-2: Ball 1-2: SINGLE (Groundball, 13S) (infield hit) Joe Panik to second
|
Batting: RHB Yulieski Gurriel
|
0-0: Ball 1-0: Ball 2-0: Foul Ball, location: 2F 2-1: Called Strike 2-2: Ball 3-2: Strikes out swinging
|
Bottom of the 8th over - 0 runs, 2 hits, 0 errors, 2 left on base; Los Angeles 10 - Washington 7 |
TOP OF THE 9TH |
Los Angeles Dodgers batting - Pitching for Washington Nationals : RHP Jeremy Jeffress
|
Pitching: RHP Dominic Leone
|
|
Batting: RHB Josh Donaldson
|
0-0: Foul Ball, location: 2F 0-1: Ball 1-1: Ball 2-1: Fly out, F9 (Flyball, 9D)
|
Batting: RHB Randal Grichuk
|
0-0: Ball 1-0: Called Strike 1-1: Ball 2-1: Fly out, F8 (Line Drive, 8RM)
|
Batting: RHB Jonathan Schoop
|
0-0: Fly out, F7 (Flyball, 7)
|
Top of the 9th over - 0 runs, 0 hits, 0 errors, 0 left on base; Los Angeles 10 - Washington 7 |
BOTTOM OF THE 9TH |
Washington Nationals batting - Pitching for Los Angeles Dodgers : RHP Keynan Middleton
|
Pitching: RHP Cody Allen
|
|
Now at 2B: Wilmer Difo
|
|
Batting: LHB Yonder Alonso
|
0-0: Foul Ball, location: 2F 0-1: Swinging Strike 0-2: Ball 1-2: Strikes out looking
|
Batting: RHB Chris Taylor
|
0-0: Called Strike 0-1: Ball 1-1: Ball 2-1: Swinging Strike 2-2: Strikes out swinging
|
Batting: RHB Tyler Flowers
|
0-0: Ball 1-0: Fly out, F7 (Flyball, 78M)
|
Bottom of the 9th over - 0 runs, 0 hits, 0 errors, 0 left on base; Los Angeles 10 - Washington 7 |
|